 Dungeon Crawl Stone Soup version 0.19.4-8-ga85b6b9 (webtiles) character file.

500 TryAgain the Shield-Bearer (level 7, -5/44 HPs)
             Began as a Gargoyle Fighter on Feb 14, 2017.
             Slain by an ogre
             ... wielding a +0 giant club
              (17 damage)
             ... on level 5 of the Dungeon.
             The game lasted 00:10:22 (2879 turns).

TryAgain the Shield-Bearer (Gargoyle Fighter)       Turns: 2879, Time: 00:10:23

Health: -5/44      AC: 17    Str: 17 (20) XL:     7   Next: 16%
Magic:  7/7        EV:  6    Int:  6 (8)  God:
Gold:   203        SH:  9    Dex: 10 (11) Spells: 0 memorised, 6 levels left

rFire  . . .     SeeInvis .     F - +3 mace (drain)
rCold  . . .     Gourm    .     i - +0 chain mail
rNeg   + . .     Faith    .     c - +0 shield
rPois  ∞         Spirit   .     (no helmet)
rElec  +         Reflect  .     e - +0 cloak
rCorr  +         Harm     .     K - +0 pair of gloves
MR     .....     Rnd*Tele +     (no boots)
Stlth  ..........               (no amulet)
                                s - ring of resist corrosion
                                g - ring of teleportation (curse)

@: no status effects
A: negative energy resistance 1, electricity resistance, unbreathing,
petrification resistance, rot immunity, AC +4
a: no special abilities


You were on level 5 of the Dungeon.
You were not hungry.

You visited 1 branch of the dungeon, and saw 5 of its levels.

You collected 203 gold pieces.

Inventory:

Hand Weapons
 a - a +0 flail
 F - a +3 mace of draining (weapon)
 I - a +2 flail of crushing
Armour
 b - a +0 scale mail
 c - a +0 shield (worn)
 e - a +0 cloak (worn)
 i - a +0 chain mail (worn)
 j - a +0 plate armour
 K - a +0 pair of gloves (worn)
Jewellery
 g - a cursed ring of teleportation (left hand)
 s - a ring of resist corrosion (right hand)
 v - an uncursed ring of positive energy {unknown}
Wands
 h - a wand of iceblast (5/15)
 z - a wand of confusion (17/48)
 G - a wand of iceblast (3/15)
Scrolls
 m - a scroll of fear {unknown}
 n - a scroll of identify {unknown}
 r - 5 scrolls of teleportation {unknown}
 t - a scroll of enchant weapon {unknown}
 u - a scroll of blinking {unknown}
 x - a scroll of recharging {unknown}
 y - 2 scrolls of amnesia {unknown}
 E - 3 scrolls of remove curse {unknown}
 J - a scroll of random uselessness {unknown}
 L - a scroll of noise {unknown}
Potions
 d - a potion of might
 k - 2 potions of agility
 p - a potion of magic {unknown}
 q - 3 potions of curing
 A - a potion of cure mutation {unknown}
 C - 2 potions of flight {unknown}
 D - a potion of mutation {unknown}
Comestibles
 f - 2 bread rations
 l - 3 beef jerkies
 o - 4 fruits
 w - 2 meat rations
 B - 2 slices of pizza
 H - a chunk of flesh


   Skills:
 * Level 5.0 Fighting
 + Level 3.1 Maces & Flails
 * Level 5.1 Armour
 + Level 2.1 Dodging
 * Level 5.2 Shields


You had 6 spell levels left.
You didn't know any spells.

Dungeon Overview and Level Annotations

Branches:
Dungeon (5/15)
 Temple: D:4-7

Altars:
Hepliaklqana
Nemelex Xobeh
Ru
Uskayaw
Vehumet


Innate Abilities, Weirdness & Mutations

You are resistant to torment.
Your stone body is resilient. (AC +4)
You are immune to poison.
You resist negative energy. (rN+)
You are resistant to electric shocks. (rElec)
You can survive without breathing.
You are immune to petrification.
You are immune to rotting.


Message History

An ogre comes into view. It is wielding a giant club.
You hit the ice beast but do no damage.
The ice beast is moderately wounded.
You block the ice beast's attack. The adder barely misses you.
You block the adder's attack.
There is an open door here.
You hit the ogre.
The ogre is moderately wounded.
The ogre hits you but does no damage.
You thump the ogre!
The ogre is heavily wounded.
You block the ogre's attack.
You hit the ogre.
The ogre is heavily wounded.
The ogre hits you with a giant club!
* * * LOW HITPOINT WARNING * * *
You sock the ogre!
The ogre is almost dead.
The adder seems less drained.
The ogre hits you with a giant club!
You die...

#. .... #. ..#
######.####..#
.>...........#
#....)....#
#.........# .
#...####..# #
#...#%.#..# #
##. #@.#..#
#..#O##..#
#...SY...#
#........#
########.....
#####


You could see an ice beast, an ogre and an adder.

Vanquished Creatures
  A hound (D:4)
  A gnoll shaman (D:4)
  2 orc priests (D:4)
  2 orc wizards (D:5)
  Terence (D:2)
  An iguana (D:4)
  Natasha (D:2)
  2 worker ants (D:4)
  7 gnolls
  6 adders
  2 worms
  A dart slug (D:5)
  2 leopard geckos
  11 orcs
  2 ball pythons
  A giant cockroach (D:1)
  4 goblins
  9 hobgoblins
  9 jackals
  2 bats
  3 frilled lizards
  A kobold (D:2)
  A leopard gecko skeleton (D:5)
  6 rats
78 creatures vanquished.

Notes
Turn   | Place    | Note
-------+----------+-------------------------------------------
     0 | D:1      | TryAgain the Gargoyle Fighter began the quest for the Orb.
     0 | D:1      | Reached XP level 1. HP: 14/14 MP: 1/1
   261 | D:1      | Reached XP level 2. HP: 19/19 MP: 2/2
   747 | D:2      | Reached XP level 3. HP: 23/23 MP: 3/3
   958 | D:2      | Noticed Terence
   972 | D:2      | Killed Terence
   984 | D:2      | Noticed Natasha
   993 | D:2      | Killed Natasha
   993 | D:2      | Reached XP level 4. HP: 12/29 MP: 4/4
  1374 | D:2      | Reached skill level 1 in Dodging
  1385 | D:2      | Reached XP level 5. HP: 22/33 MP: 5/5
  1694 | D:3      | Found a hide-covered altar of Uskayaw.
  1982 | D:4      | Reached XP level 6. HP: 37/39 MP: 6/6
  2238 | D:4      | Reached skill level 5 in Armour
  2250 | D:4      | Reached skill level 5 in Fighting
  2588 | D:5      | Entered Level 5 of the Dungeon
  2616 | D:5      | Reached skill level 5 in Shields
  2616 | D:5      | Reached XP level 7. HP: 31/44 MP: 7/7
  2700 | D:5      | Found a sacrificial altar of Ru.
  2702 | D:5      | Found a radiant altar of Vehumet.
  2735 | D:5      | Found a sparkling altar of Nemelex Xobeh.
  2790 | D:5      | Found a hazy altar of Hepliaklqana.
  2879 | D:5      | Slain by an ogre

Skill      XL: |  1  2  3  4  5  6 |
---------------+-------------------+-----
Armour         | 4 5 |  5.1
Fighting       | 4 5 |  5.0
Shields        | 4 5 |  5.2
Dodging        | 1 2 |  2.1
Maces & Flails | 3 |  3.1

Action                   |  1- 3 |  4- 6 |  7- 9 || total
-------------------------+-------+-------+-------++-------
Melee: Flail             |   101 |   104 |       ||   205
       Mace              |       |   107 |    35 ||   142
  Use: Potion            |       |     4 |       ||     4
  Eat: Chunk             |       |     6 |     1 ||     7
Armor: Scale mail        |    61 |       |       ||    61
       Chain mail        |       |   171 |    32 ||   203
Dodge: Dodged            |    36 |    74 |    14 ||   124
Block: Shield            |    61 |   166 |    31 ||   258
